 Dungeon Crawl Stone Soup version 0.24-a0-378-g94936e539c (webtiles) character file.

Game seed: 16636217457327229167

754 Mithandil the Chopper (level 7, -2/61 HPs)
             Began as a Hill Orc Fighter on June 2, 2019.
             Killed from afar by an orc wizard (7 damage)
             ... with a puff of frost
             ... on level 5 of the Dungeon.
             The game lasted 00:26:08 (5037 turns).

Mithandil the Chopper (Hill Orc Fighter)            Turns: 5037, Time: 00:26:09

Health: -2/61      AC: 11    Str: 21    XL:     7   Next: 79%
Magic:  7/7        EV:  6    Int:  8    God:
Gold:   192        SH: 12    Dex: 10    Spells: 6/6 levels left

rFire    . . .     SeeInvis .   a - +1 war axe
rCold    . . .     Gourm    .   c - +2 shield
rNeg     . . .     Faith    .   m - +0 chain mail
rPois    .         Spirit   .   k - +0 helmet
rElec    .         Reflect  .   (no cloak)
rCorr    .         Harm     .   (no gloves)
MR       .....                  (no boots)
Stlth    ..........             (no amulet)
HPRegen  0.20/turn              (no ring)
MPRegen  0.10/turn              (no ring)

@: no status effects
A: no striking features
a: Convert to Beogh


You were on level 5 of the Dungeon.
You were not hungry.

You visited 1 branch of the dungeon, and saw 6 of its levels.

You collected 192 gold pieces.

Inventory:

Hand Weapons
 a - a +1 war axe (weapon)
Missiles
 i - 156 stones (quivered)
Armour
 c - a +2 shield (worn)
 k - a +0 helmet (worn)
 m - a +0 chain mail (worn)
Jewellery
 e - an uncursed ring of positive energy
Scrolls
 n - a scroll of remove curse
 o - a scroll of fear
 q - 2 scrolls of teleportation
 s - 2 scrolls of fog
Potions
 b - 2 potions of agility {unknown}
 d - 2 potions of might
 j - a potion of flight
 l - 2 potions of magic
 p - a potion of haste
 t - 2 potions of curing {unknown}
Comestibles
 f - 5 rations


   Skills:
 + Level 5.3 Fighting
 * Level 6.8 Axes
 + Level 4.9 Armour
 * Level 6.3 Shields


You had 6 spell levels left.
You didn't know any spells.
Your spell library was empty.

Dungeon Overview and Level Annotations

Branches:
Dungeon (6/15)
 Temple: D:4-7

Altars:
Makhleb
Qazlal
Zin

Annotations:
D:5 Edmund


Message History

A puff of frost appears from out of thin air!
The puff of frost hits you.
You hear some strange, mumbled words.
A puff of frost appears from out of thin air!
The puff of frost hits you.
An orc wizard appears from thin air!
Reactivating autopickup.
The orc priest calls down the wrath of Beogh upon you.
Beogh smites you!
* * * LOW HITPOINT WARNING * * *
The orc wizard casts a spell at you. The puff of flame hits you!
* * * LOW HITPOINT WARNING * * *
Unknown command.
You block the orc wizard's attack.
The orc wizard hits you but does no damage.
There is a stone staircase leading down here.
The orc wizard points at you and mumbles some strange words.
The puff of frost hits you!
You die...

.....'..........#
.....#..........#
.##+#####.##.##.
.##..####.##.###########
........................
..........o.............
............[...........
...............O.......(
.............@.o@.......
###..####...###+#####...
#..# ##### ....# ....#


You could see Edmund, an ogre, an orc priest and an orc wizard.

Vanquished Creatures
  2 phantoms (D:4)
  A centaur (D:5)
  2 hounds
  2 bullfrog skeletons
  2 orc priests
  An iguana (D:4)
  4 worker ants (D:4)
  Robin (D:2)
  A gnoll (D:1)
  7 adders
  An ooze (D:1)
  3 worms
  A dart slug (D:2)
  5 leopard geckos
  3 orcs (D:4)
  7 bats
  6 giant cockroaches
  16 goblins
  6 hobgoblins
  4 jackals
  2 quokkas (D:2)
  A ball python (D:1)
  5 frilled lizards
  A jackal skeleton (D:4)
  7 kobolds
  A quokka skeleton (D:5)
  8 rats
100 creatures vanquished.

Vanquished Creatures (others)
  An orc wizard (D:4)
1 creature vanquished.

Grand Total: 101 creatures vanquished

Notes
Turn   | Place    | Note
-------+----------+-------------------------------------------
     0 | D:1      | Mithandil the Hill Orc Fighter began the quest for the Orb.
     0 | D:1      | Reached XP level 1. HP: 19/19 MP: 1/1
    46 | D:1      | Reached XP level 2. HP: 9/27 MP: 2/2
   353 | D:2      | Found a faded altar of an unknown god.
   406 | D:2      | Reached XP level 3. HP: 10/33 MP: 3/3
  1766 | D:3      | Reached XP level 4. HP: 40/40 MP: 4/4
  2018 | D:2      | Noticed Robin
  2046 | D:2      | Killed Robin
  2627 | D:2      | Reached XP level 5. HP: 46/46 MP: 5/5
  2916 | D:3      | Found a stormy altar of Qazlal.
  2916 | D:3      | Found a burning altar of Makhleb.
  2916 | D:3      | Found a glowing silver altar of Zin.
  3064 | D:5      | Entered Level 5 of the Dungeon
  3783 | D:4      | Reached skill level 5 in Shields
  3924 | D:4      | Noticed a phantom
  3962 | D:4      | Reached skill level 5 in Axes
  3962 | D:4      | Reached XP level 6. HP: 45/53 MP: 6/6
  4080 | D:4      | Killed a phantom
  4192 | D:4      | Noticed a phantom
  4264 | D:4      | Killed a phantom
  4264 | D:4      | Reached XP level 7. HP: 32/60 MP: 7/7
  4577 | D:4      | Reached skill level 5 in Fighting
  4998 | D:5      | Noticed Edmund
  5037 | D:5      | Killed from afar by an orc wizard

Levels and vault maps discovered:
D:1:      dpeg_arrival_brainrot, layout_basic
D:2:      layout_loops_corners, chequers_ecumenical_altar_simple_redux,
          roderic_roman_lattice, minmay_misc_feat_tower,
          minmay_stone_trees_medium, uniq_robin
D:3:      layout_basic, gammafunk_temple_overflow_forgotten, chequers_avenue
D:4:      layout_cave_pods, first_ration
D:5:      layout_gridville, uniq_edmund
D:6:      layout_loops_ring, vehumet_crystals, minmay_temple_entry_junction,
          serial_shops, nicolae_shop_crystal

Skill      XL: |  1  2  3  4  5  6  7 |
---------------+----------------------+-----
Axes           | 3 4 5 6 |  6.8
Fighting       | 4 5 |  5.3
Shields        | 4 5 6 |  6.3
Armour         | 4 |  4.9

Action                   |  1- 3 |  4- 6 |  7- 9 || total
-------------------------+-------+-------+-------++-------
Melee: War axe           |    99 |   230 |    62 ||   391
  Use: Scroll            |     6 |     8 |     2 ||    16
  Eat: Chunk             |     3 |     5 |     2 ||    10
       Ration            |       |     1 |       ||     1
Armor: Scale mail        |    40 |    63 |       ||   103
       Chain mail        |       |    26 |    33 ||    59
Dodge: Dodged            |    32 |    52 |    13 ||    97
Block: Shield            |    65 |   168 |    34 ||   267

Table legend:
 A = Non-vault XP
 B = Vault XP
 C = Vault XP percentage of total XP
 D = Non-vault monster count
 E = Vault monster count
 F = Vault count percentage of total count
                 A         B        C        D         E       F
            +---------+---------+-------+---------+---------+-------
      Total |    1036 |      42 |   3.9 |      88 |      13 |  12.9
            +---------+---------+-------+---------+---------+-------
        D:1 |      46 |       5 |   9.8 |      17 |       1 |   5.6
        D:2 |      69 |      37 |  34.9 |      21 |      12 |  36.4
        D:3 |      59 |       0 |   0.0 |      24 |       0 |   0.0
        D:4 |     629 |       0 |   0.0 |      21 |       0 |   0.0
        D:5 |     191 |       0 |   0.0 |       4 |       0 |   0.0
        D:6 |      42 |       0 |   0.0 |       1 |       0 |   0.0
            +---------+---------+-------+---------+---------+-------
